 Dungeon Crawl Stone Soup version 0.22.1-5-g62c59d9 (webtiles) character file.

287 Kalelzar the Magician (level 6, 0/32 HPs)
             Began as a Deep Elf Fire Elementalist on Jan 10, 2019.
             Was a Believer of Ru.
             Succumbed to a scorpion's poison
             ... on level 3 of the Dungeon.
             The game lasted 00:22:48 (6327 turns).

Kalelzar the Magician (Deep Elf Fire Elementalist)  Turns: 6327, Time: 00:22:49

Health: 0/32       AC:  3    Str:  5    XL:     6   Next: 8%
Magic:  0/17       EV: 13    Int: 27    God:    Ru [**....]
Gold:   194        SH:  0    Dex: 15    Spells: 11/17 levels left

rFire    . . .     SeeInvis .   (no weapon)
rCold    . . .     Gourm    .   (no shield)
rNeg     . . .     Faith    .   a - +0 robe
rPois    .         Spirit   +   (no helmet)
rElec    .         Reflect  .   g - scarf {Spirit}
rCorr    .         Harm     .   (no gloves)
MR       .....                  b - +0 pair of boots
Stlth    ++........             (no amulet)
HPRegen  0.10/turn              (no ring)
MPRegen  0.15/turn              (no ring)

@: brilliant, lethally poisoned (0 -> -18)
A: inability to use devices
a: Renounce Religion


You were on level 3 of the Dungeon.
You worshipped Ru.
Ru was pleased with you.
You were not hungry.

You visited 1 branch of the dungeon, and saw 4 of its levels.

You collected 194 gold pieces.

Inventory:

Armour
 a - a +0 robe (worn)
 b - a +0 pair of boots (worn)
 e - a +0 cloak
 g - a scarf of spirit shield (worn)
 h - a +0 naga barding
Jewellery
 f - an uncursed amulet of magic regeneration {unknown}
 i - an uncursed amulet of the acrobat {unknown}
Scrolls
 k - a scroll of fog
 l - a scroll of blinking {unknown}
 n - a scroll of identify
 p - a scroll of remove curse
Potions
 d - a potion of cancellation
 q - a potion of might
Comestibles
 c - 5 rations


   Skills:
 + Level 2.7 Dodging
 - Level 2.9 Stealth
 * Level 6.1 Spellcasting
 - Level 1.4 Conjurations
 * Level 5.6 Fire Magic


You had 11 spell levels left.
You knew the following spells:

 Your Spells              Type           Power        Failure   Level  Hunger
a - Flame Tongue          Conj/Fire      #####        1%          1    None
b - Throw Flame           Conj/Fire      #####.       1%          2    None
c - Conjure Flame         Conj/Fire      #####...     1%          3    None

Your spell library contained the following spells:

 Spells                   Type           Power        Failure   Level  Hunger
 Inner Flame              Hex/Fire       #####...     1%          3    None
 Sticky Flame             Conj/Fire      #####...     1%          4    ###....
 Fireball                 Conj/Fire      #####.....   4%          5    #####..


Dungeon Overview and Level Annotations

Branches:
Dungeon (4/15)
 Temple: D:4-7

Altars:
Gozag
Makhleb
Ru
Vehumet


Innate Abilities, Weirdness & Mutations

You cannot study or use magical devices.


Message History

Press: ? - help, Shift-Dir - straight line, f/p - scorpion
Aim: a scorpion The flame tongue hits the scorpion.
The scorpion is heavily wounded.
You feel sick.
You feel sick. The scorpion stings you!
You are lethally poisoned!
The scorpion poisons you!
You feel sick.
You feel sick. The scorpion stings you!
* * * LOW HITPOINT WARNING * * *
* * * LOW HITPOINT WARNING * * *
You feel sick. The scorpion completely misses you.
* * * LOW HITPOINT WARNING * * *
You feel sick.
* * * LOW HITPOINT WARNING * * *
You feel sick.
It was a potion of brilliance.
You feel clever all of a sudden.
You die...

####.########
##### #.#
##_._## #.#
#.....# #.#
##...## #.#
##.##. #.#
##'##. #.#
#..##. #.#
##.###. #@#
#...... #s#
#.##### #.#
#.# #.###
####.# #...#
#....# ###.#
#.#### #.#
#.# #.# #.#
#.# #.#


You could see a scorpion.

Vanquished Creatures
  A crimson imp (D:3)
  An orc priest (D:3)
  An orc wizard (D:2)
  A hound skeleton (D:4)
  7 adders
  An ooze (D:2)
  2 worms
  4 dart slugs
  3 leopard geckos
  4 orcs
  A ball python (D:2)
  7 giant cockroaches
  9 goblins
  6 hobgoblins
  8 jackals (D:2)
  2 quokkas
  12 bats
  7 frilled lizards
  8 kobolds
  13 rats
98 creatures vanquished.

Notes
Turn   | Place    | Note
-------+----------+-------------------------------------------
     0 | D:1      | Kalelzar the Deep Elf Fire Elementalist began the quest for
                  | the Orb.
     0 | D:1      | Reached XP level 1. HP: 10/10 MP: 6/6
   630 | D:1      | Reached XP level 2. HP: 15/15 MP: 5/8
  1038 | D:1      | Reached XP level 3. HP: 19/19 MP: 8/10
  1336 | D:2      | Learned a level 2 spell: Throw Flame
  1488 | D:2      | Found a sacrificial altar of Ru.
  1502 | D:2      | Reached skill level 4 in Spellcasting
  1516 | D:2      | Reached XP level 4. HP: 10/24 MP: 0/12
  1884 | D:2      | Became a worshipper of Ru the Awakened
  2744 | D:2      | HP: 1/24 [hobgoblin (1)]
  2758 | D:2      | HP: 1/24 [bat (1)]
  3090 | D:2      | Reached skill level 5 in Spellcasting
  3147 | D:2      | Reached skill level 5 in Fire Magic
  3147 | D:2      | Reached XP level 5. HP: 25/28 MP: 0/14
  3506 | D:2      | Learned a level 3 spell: Conjure Flame
  4710 | D:3      | Gained mutation: You cannot study or use magical devices.
                  | [Ru sacrifice]
  4710 | D:3      | Reached * piety under Ru
  4710 | D:3      | Reached ** piety under Ru
  5115 | D:3      | Found a radiant altar of Vehumet.
  5115 | D:3      | Found a burning altar of Makhleb.
  5155 | D:3      | Reached skill level 6 in Spellcasting
  5321 | D:3      | Reached XP level 6. HP: 14/32 MP: 3/17
  5893 | D:3      | Found an opulent altar of Gozag.
  6326 | D:3      | HP: 1/32 [poisoned by a scorpion]
  6327 | D:3      | Succumbed to a scorpion's poison

Skill      XL: |  1  2  3  4  5 |
---------------+----------------+-----
Fire Magic     | 4 5 |  5.6
Spellcasting   | 4 5 6 |  6.1
Dodging        | |  2.7
Stealth        | |  2.9
Conjurations   | |  1.4

Action                   |  1- 3 |  4- 6 || total
-------------------------+-------+-------++-------
Melee: Unarmed           |    16 |    31 ||    47
 Cast: Flame Tongue      |    54 |    49 ||   103
       Throw Flame       |     4 |    92 ||    96
       Conjure Flame     |       |     4 ||     4
Invok: Sacrifice Artific |       |     1 ||     1
  Use: Scroll            |     3 |     4 ||     7
       Potion            |       |     9 ||     9
 Stab: Sleeping          |     1 |       ||     1
  Eat: Ration            |     1 |     4 ||     5
       Chunk             |     1 |     1 ||     2
Armor: Robe              |     6 |    25 ||    31
Dodge: Dodged            |    29 |    88 ||   117
